 Dungeon Crawl Stone Soup version 0.28.0-53-g5a82cb258f (webtiles) character file.

Game seed: 14197315035938876735

83 issech the Chopper (level 4, 0/41 HPs)
             Began as a Minotaur Monk on June 13, 2022.
             Killed from afar by Sigmund (4 damage)
             ... with a magic dart
             ... on level 2 of the Dungeon.
             The game lasted 00:04:39 (1553 turns).

issech the Chopper (Minotaur Monk)                  Turns: 1553, Time: 00:04:39

Health: 0/41       AC:  7    Str: 15    XL:     4   Next: 22%
Magic:  3/3        EV: 10    Int:  7    God:
Gold:   83         SH:  0    Dex: 15    Spells: 3/3 levels left

rFire   . . .      SeeInvis .   a - +0 hand axe
rCold   . . .      Faith    .   (no shield)
rNeg    . . .      Spirit   .   p - +0 scale mail
rPois   .          Reflect  .   (helmet restricted)
rElec   .          Harm     .   (no cloak)
rCorr   .          Rampage  .   k - +0 pair of gloves
Will    .....                   (no boots)
Stlth   +.........              (no amulet)
HPRegen 0.13/turn               (no ring)
MPRegen 0.08/turn               (no ring)

@: no status effects
A: horns 2, retaliatory headbutt
a: no special abilities


You were on level 2 of the Dungeon.
You visited 1 branch of the dungeon, and saw 2 of its levels.

You collected 83 gold pieces.

Inventory:

Hand Weapons
 a - a +0 hand axe (weapon)
Missiles
 m - 38 stones (quivered)
Armour
 k - a +0 pair of gloves (worn)
 p - a +0 scale mail (worn)
Scrolls
 c - a scroll of teleportation {unknown}
 d - 3 scrolls of identify {unknown}
 f - a scroll of silence {unknown}
 h - a scroll of summoning {unknown}
 j - a scroll of noise {unknown}
 o - a scroll of holy word {unknown}
Potions
 b - a potion of attraction {unknown}
 e - a potion of lignification {unknown}
 g - a potion of cancellation {unknown}
 i - 3 potions of curing {unknown}
 l - a potion of mutation {unknown}
 n - a potion of flight {unknown}


   Skills:
 + Level 4.3 Fighting
 + Level 4.9 Axes
 + Level 3.8 Dodging
 + Level 2.0 Stealth


You had 3 spell levels left.
You didn't know any spells.
Your spell library was empty.

Dungeon Overview and Level Annotations

Branches:
Dungeon (2/15)

Altars:

Annotations:
D:2 Sigmund


Innate Abilities, Weirdness & Mutations

You have a pair of horns on your head.
You reflexively headbutt those who attack you in melee.


Message History

The slug dart misses you.
You hit the dart slug. You headbutt the dart slug.
You kill the dart slug!
You see here a dart slug corpse.
n - an inky potion HP restored.
Found a stone staircase leading up.
There is a stone staircase leading down here.
Sigmund the Dreaded comes into view.
He is wielding a +0 scythe.
Sigmund shouts!
Sigmund moves out of view.
An endoplasm comes into view.
The endoplasm quivers.
Sigmund gestures wildly while chanting.
Sigmund flickers and vanishes!
Deactivating autopickup; reactivate with Ctrl-A.
Found 14 gold pieces.
Something hits you. The endoplasm freezes you.
You are frozen.
You barely miss the endoplasm. You headbutt the endoplasm.
The endoplasm is heavily wounded.
A magic dart appears from out of thin air!
The magic dart hits you but does no damage.
The endoplasm freezes you.
You are frozen.
You hit the endoplasm.
You kill the endoplasm!
Something hits you.
You hear some strange, mumbled words.
Something tries to affect you, but you resist.
Found a scroll labelled WYOG JOPSU.
Something hits you! Something hits you.
* * * LOW HITPOINT WARNING * * *
Something hits you.
* * * LOW HITPOINT WARNING * * *
Something hits you.
* * * LOW HITPOINT WARNING * * *
A magic dart appears from out of thin air!
The magic dart hits you.
You die...

.........# #.###.#>#.###......
.....###.# #.###......##.#..##
###### #..#####.#.....##.##.#.##
#..<.........##.......# #######
####..................##
......##.........##.##..#..##..##
.....$...###.....##..#.#######..[
......##############...###......[
.............{..@..........######
......###################### #
......# ......# ......# #######


There were no monsters in sight!

Vanquished Creatures
  2 adders (D:2)
  An ufetubus (D:2)
  A worm (D:2)
  3 dart slugs
  An orc (D:2)
  5 endoplasms
  2 giant cockroaches (D:1)
  6 goblins (D:1)
  4 hobgoblins
  10 ball pythons
  5 bats
  4 frilled lizards
  5 kobolds
  A rat (D:1)
50 creatures vanquished.

Notes
Turn   | Place    | Note
-------+----------+-------------------------------------------
     0 | D:1      | issech the Minotaur Monk began the quest for the Orb.
     0 | D:1      | Reached XP level 1. HP: 19/19 MP: 0/0
   192 | D:1      | Reached XP level 2. HP: 27/27 MP: 1/1
   497 | D:1      | Reached XP level 3. HP: 33/33 MP: 2/2
   561 | D:1      | Found a faded altar of an unknown god.
  1115 | D:2      | Reached XP level 4. HP: 30/40 MP: 3/3
  1530 | D:2      | Noticed Sigmund
  1543 | D:2      | HP: 2/41 [something (2)]
  1553 | D:2      | Killed from afar by Sigmund

Illustrated notes

Levels and vault maps discovered:
D:1:      dpeg_arrival_refuge, layout_rooms,
          hellmonk_ecumenical_altar_slurped_away, minmay_misc_feat_chi
D:2:      layout_rooms, amethyst_killhole, minmay_pentomino_v2, uniq_sigmund

Skill      XL: |  1  2  3 |
---------------+----------+-----
Axes           | 4 |  4.9
Fighting       | 4 |  4.3
Stealth        | 2 |  2.0
Dodging        | |  3.8

Action                   |  1- 3 |  4- 6 || total
-------------------------+-------+-------++-------
Melee: Hand axe          |    92 |     9 ||   101
       Headbutt          |    13 |     4 ||    17
       Punch             |     2 |       ||     2
Armor: Robe              |    15 |       ||    15
       Leather armour    |     1 |       ||     1
       Scale mail        |       |     2 ||     2
Dodge: Dodged            |    76 |     3 ||    79
